 Dungeon Crawl Stone Soup version 0.25.1-2-g60ff931df9 (webtiles) character file.

Game seed: 3757615915183634743

58 Curus the Chopper (level 3, -3/30 HPs)
             Began as a Minotaur Gladiator on Aug 23, 2020.
             Slain by Natasha (7 damage)
             ... on level 2 of the Dungeon.
             The game lasted 00:05:52 (1252 turns).

Curus the Chopper (Minotaur Gladiator)              Turns: 1252, Time: 00:05:53

Health: -3/30      AC:  7    Str: 15 (18) XL:     3   Next: 76%
Magic:  1/1        EV: 10    Int:  3 (6)  God:
Gold:   60         SH:  0    Dex: 10 (11) Spells: 2/2 levels left

rFire    . . .     SeeInvis .   a - +2 war axe
rCold    . . .     Gourm    .   (no shield)
rNeg     . . .     Faith    .   j - +0 scale mail
rPois    .         Spirit   .   c - +1 hat
rElec    .         Reflect  .   (no cloak)
rCorr    .         Harm     .   (no gloves)
MR       .....     Clarity  +   (no boots)
Stlth    ..........             (no amulet)
HPRegen  0.10/turn              (no ring)
MPRegen  0.07/turn              (no ring)

@: lightly drained
A: retaliatory headbutt, horns 2, clarity, low mp 1
a: no special abilities


You were on level 2 of the Dungeon.
You were very hungry.

You visited 1 branch of the dungeon, and saw 2 of its levels.

You collected 60 gold pieces.

Inventory:

Hand Weapons
 a - a +2 war axe (weapon)
Missiles
 d - 3 throwing nets (quivered)
Armour
 b - a +0 leather armour
 c - a +1 hat (worn)
 h - a +0 ring mail
 j - a +0 scale mail (worn)
Scrolls
 i - a scroll of fog
 k - a scroll of remove curse
Comestibles
 f - a ration


   Skills:
 - Level 2.4(2.2) Fighting
 + Level 5.8(5.6) Axes
 - Level 2.0(1.8) Throwing
 - Level 3.2(3.1) Dodging


You had 2 spell levels left.
You didn't know any spells.
Your spell library was empty.

Dungeon Overview and Level Annotations

Branches:
Dungeon (2/15)

Altars:

Annotations:
D:2 Natasha


Innate Abilities, Weirdness & Mutations

You reflexively headbutt those who attack you in melee.
You have a pair of horns on your head.
You possess an exceptional clarity of mind.
Your magical capacity is low. (-10% MP)


Message History

You closely miss Natasha.
Natasha is severely wounded.
Natasha claws you.
You closely miss Natasha.
Natasha is severely wounded.
Natasha claws you!
* * * LOW HITPOINT WARNING * * *
You closely miss Natasha. Your headbutt misses Natasha.
Natasha is severely wounded.
Natasha wildly gestures.
Natasha shimmers violently.
Natasha mumbles some strange words.
Natasha stares at you and mumbles some strange words.
The magic dart hits you but does no damage.
Unknown command.
Unknown command.
You barely miss Natasha.
Natasha is severely wounded.
You closely miss the shadow imp. Natasha claws you!
You die...

... #.# ...
#.### #####...
......######
#.##h.......
#####.#.@5####..
+.$.............
####.#...######
#(......#
#.#.#...#
#.......#
###.#..##
#....<# ##....#


You could see Natasha and a shadow imp (summoned).

Vanquished Creatures
  2 oozes (D:1)
  A dart slug (D:1)
  A leopard gecko (D:1)
  3 giant cockroaches (D:1)
  7 goblins (D:1)
  7 hobgoblins (D:1)
  6 jackals (D:1)
  6 bats (D:1)
  4 kobolds (D:1)
  7 rats
44 creatures vanquished.

Notes
Turn   | Place    | Note
-------+----------+-------------------------------------------
     0 | D:1      | Curus the Minotaur Gladiator began the quest for the Orb.
     0 | D:1      | Reached XP level 1. HP: 18/18 MP: 0/0
    91 | D:1      | Reached skill level 4 in Axes
   113 | D:1      | Reached XP level 2. HP: 25/25 MP: 1/1
   160 | D:1      | Gained mutation: Your magical capacity is low. (-10% MP)
                  | [potion of mutation]
   160 | D:1      | Gained mutation: You possess an exceptional clarity of
                  | mind. [potion of mutation]
   455 | D:1      | Reached skill level 5 in Axes
   503 | D:1      | Reached XP level 3. HP: 30/30 MP: 1/1
  1245 | D:2      | Noticed Natasha
  1252 | D:2      | Slain by Natasha

Illustrated notes

Levels and vault maps discovered:
D:1:      dpeg_arrival_boxes_within_box, layout_basic, minmay_heptomino_w4
D:2:      layout_basic, dk_noncrumbling_3, tgw_xom, uniq_crazy_yiuf_cottage,
          uniq_natasha, uniq_jessica

Skill      XL: |  1  2 |
---------------+-------+-----
Axes           | 4 5 |  5.8
Fighting       | |  2.4
Throwing       | |  2.0
Dodging        | |  3.2

Action                   || total
-------------------------++-------
Melee: War axe           ||    97
       Headbutt          ||     4
  Use: Scroll            ||     7
       Potion            ||     4
Armor: Leather armour    ||     6
       Scale mail        ||    23
       Ring mail         ||     5
Dodge: Dodged            ||    39
